 Dungeon Crawl Stone Soup version 0.28.0-1-gb440e238dd (webtiles) character file.

Game seed: 11071478370965330327

869 RascalDebosk the Chiller (level 8, -6/58 HPs)
             Began as a Merfolk Ice Elementalist on Feb 21, 2022.
             Was an Initiate of Sif Muna.
             Mangled by a vampire (9 damage)
             ... on level 5 of the Dungeon.
             The game lasted 01:13:32 (6815 turns).

RascalDebosk the Chiller (Merfolk Ice Elementalist) Turns: 6815, Time: 01:13:33

Health: -6/58      AC:  5    Str: 14      XL:     8   Next: 3%
Magic:  13/13      EV: 13    Int: 17      God:    Sif Muna [......]
Gold:   1018       SH:  0    Dex: 13 (14) Spells: 4/13 levels left

rFire   x . .      SeeInvis .   u - +5 rapier (vamp)
rCold   + . .      Faith    .   (no shield)
rNeg    . . .      Spirit   .   a - +0 robe
rPois   .          Reflect  .   n - +0 helmet
rElec   .          Harm     .   c - +0 cloak
rCorr   .          Rampage  .   d - +0 pair of gloves
Will    .....                   (no boots)
Stlth   +++.......              (no amulet)
HPRegen 0.19/turn               p - +6 ring of strength
MPRegen 0.13/turn               s - ring of ice

@: no status effects
A: (nimble swimmer 2), mertail
a: Renounce Religion


You were on level 5 of the Dungeon.
You worshipped Sif Muna.
Sif Muna was noncommittal.
You visited 2 branches of the dungeon, and saw 7 of its levels.

You collected 1282 gold pieces.
You spent 264 gold pieces at shops.

Inventory:

Hand Weapons
 e - a +0 quarterstaff
 o - a +0 flail of protection
 r - a +4 antimagic flail
 u - a +5 vampiric rapier (weapon)
Armour
 a - a +0 robe (worn)
 c - a +0 cloak (worn)
 d - a +0 pair of gloves (worn)
 j - an orb of wrath
 n - a +0 helmet (worn)
Magical Staves
 f - a staff of death
Jewellery
 p - a +6 ring of strength (left hand)
 s - a ring of ice (right hand)
 v - a +4 ring of evasion
Wands
 m - a wand of polymorph (2)
 q - a wand of flame (15)
Scrolls
 b - a scroll of amnesia
 t - a scroll of enchant weapon {unknown}
 w - a scroll of magic mapping
Potions
 g - 2 potions of brilliance
 h - a potion of might
 i - a potion of magic
 k - a potion of curing
 l - a potion of degeneration


   Skills:
 + Level 3.1 Fighting
 + Level 4.9 Dodging
 + Level 4.4 Stealth
 + Level 3.4 Spellcasting
 * Level 2.8 Conjurations
 * Level 6.7 Ice Magic


You had 4 spell levels left.
You knew the following spells:

 Your Spells              Type           Power      Damage    Failure   Level
a - Freeze                Ice            100%       1d11      1%          1
b - Frozen Ramparts       Ice            76%        1d9       3%          3
c - Hailstorm             Conj/Ice       28%        3d8       24%         4
d - Magic Dart            Conj           48%        1d5       5%          1

Your spell library contained the following spells:

 Spells                   Type           Power      Damage    Failure   Level
 Ozocubu's Armour         Ice            38%        N/A       3%          3
 Animate Skeleton         Necr           4%         N/A       17%         1
 Apportation              Tloc           4%         N/A       17%         1
 Summon Small Mammal      Summ           8%         N/A       17%         1
 Call Imp                 Summ           2%         N/A       26%         2
 Mephitic Cloud           Conj/Pois/Air  6%         N/A       34%         3


Dungeon Overview and Level Annotations

Branches:
Dungeon (6/15)             Temple (1/1) D:4

Altars:
Ashenzari
Dithmenos
Hepliaklqana
Kikubaaqudgha
Qazlal
Ru
Sif Muna
Trog
Wu Jian
Xom


Innate Abilities, Weirdness & Mutations

((You are very nimble when in or above water. (Stealth+, EV+, Speed+++)))
Your lower body shifts to a powerful aquatic tail in water.


Message History

You freeze the vampire but do no damage.
The vampire completely resists.
The vampire closely misses you.
The vampire bites you but does no damage.
You barely miss the vampire. The vampire barely misses you.
The vampire bites you but does no damage.
You hit the vampire but do no damage. The vampire closely misses you.
The vampire misses you.
The vampire hits you but does no damage.
The vampire closely misses you.
You closely miss the vampire. The vampire hits you! The vampire bites you!
The vampire draws strength from your injuries!
You closely miss the vampire. The vampire hits you! The vampire misses you.
You hit the vampire.
The vampire is lightly damaged.
The vampire hits you but does no damage.
The vampire barely misses you.
You hit the vampire.
The vampire is lightly damaged.
The vampire hits you. The vampire barely misses you.
You hit the vampire but do no damage.
The vampire is lightly damaged.
The vampire hits you.
The vampire bites you but does no damage.
The vampire closely misses you.
The vampire bites you but does no damage.
You hit the vampire.
The vampire is moderately damaged.
The vampire mumbles some strange words.
The vampire flickers and vanishes!
Deactivating autopickup; reactivate with Ctrl-A.
You hit something. Something hits you!
* * * LOW HITPOINT WARNING * * *
Something bites you.
* * * LOW HITPOINT WARNING * * *
Something draws strength from your injuries!
You miss something. Something hits you.
* * * LOW HITPOINT WARNING * * *
Something bites you!
You die...

.#### #.#....#
#.......|... .#
#.#....######
#########...
########...........#
#....
#.......#..#####.#
#.... ###.#...#.#..#
#.# #....
#............# #.####
#.... #.#.#...#.##.#
#....# #.###
.#..###.#.##.#####.##<#
#.###
#.#†......##....@{.##.#
#....
#.#####.#############.#
##### #.# #.....# #.##
#.# #####.# #..# #.#
###.### ##.# #.#
#.....# ######.# #.#
#.....# #......# #.###
#..[..# #.####.# ....#
#.....# #.####.#


There were no monsters in sight!

Vanquished Creatures
  Eustachio (D:5)
  Edmund (D:4)
  A sky beast (D:5)
  2 scorpions (D:5)
  2 hounds
  2 orc priests (D:5)
  Jessica (D:2)
  An iguana (D:5)
  2 orc wizards (D:3)
  Robin (D:2)
  2 howler monkey skeletons (D:4)
  6 adders
  2 ufetubi
  A worm (D:4)
  4 dart slugs
  6 orcs
  10 ball pythons
  6 endoplasms
  A giant cockroach (D:2)
  19 goblins
  13 hobgoblins
  3 quokkas
  5 bats
  4 frilled lizards
  8 kobolds
  8 rats
112 creatures vanquished.

Notes
Turn   | Place    | Note
-------+----------+-------------------------------------------
     0 | D:1      | RascalDebosk the Merfolk Ice Elementalist began the quest
                  | for the Orb.
     0 | D:1      | Reached XP level 1. HP: 13/13 MP: 3/3
   231 | D:1      | Reached XP level 2. HP: 20/20 MP: 3/5
   597 | D:1      | Found a faded altar of an unknown god.
   817 | D:1      | Reached XP level 3. HP: 25/25 MP: 6/6
   821 | D:1      | Learned a level 3 spell: Frozen Ramparts
  1197 | D:2      | Reached skill level 1 in Fighting
  1345 | D:2      | Noticed Jessica
  1351 | D:2      | Killed Jessica
  1352 | D:2      | Reached skill level 5 in Ice Magic
  1352 | D:2      | Reached XP level 4. HP: 22/32 MP: 3/7
  2074 | D:2      | Identified the +3 ring mail of Doczaw {-Tele Regen+ Int+3
                  | Dex+8}
  2078 | D:2      | Found Zegeut's Distillery.
  2086 | D:2      | Bought a potion of curing for 33 gold pieces
  2086 | D:2      | Bought a potion of degeneration for 11 gold pieces
  2214 | D:3      | Noticed Robin
  2319 | D:2      | Killed Robin
  2320 | D:2      | Reached XP level 5. HP: 36/38 MP: 4/8
  2470 | D:3      | Learned a level 4 spell: Hailstorm
  2675 | D:3      | Found an ornate altar of the Wu Jian Council.
  2889 | D:3      | Reached skill level 1 in Conjurations
  3420 | D:3      | Reached XP level 6. HP: 44/44 MP: 8/10
  3740 | D:4      | Noticed Edmund
  3760 | D:4      | Killed Edmund
  4020 | D:4      | Found a staircase to the Ecumenical Temple.
  4034 | Temple   | Entered the Ecumenical Temple
  4380 | Temple   | Became a worshipper of Sif Muna the Loreminder
  4726 | D:4      | Reached skill level 6 in Ice Magic
  5263 | D:5      | Entered Level 5 of the Dungeon
  5274 | D:5      | Identified a scroll of acquirement
  5274 | D:5      | Acquired 992 gold pieces
  5365 | D:5      | Learned a level 1 spell: Magic Dart
  5381 | D:5      | Noticed a sky beast
  5407 | D:5      | Killed a sky beast
  5408 | D:5      | Reached XP level 7. HP: 51/51 MP: 4/11
  5711 | D:2      | Bought a potion of brilliance for 44 gold pieces
  5711 | D:2      | Bought a potion of brilliance for 44 gold pieces
  5711 | D:2      | Bought a potion of might for 44 gold pieces
  5711 | D:2      | Bought a potion of magic for 88 gold pieces
  6116 | D:5      | Noticed Eustachio
  6154 | D:5      | Killed Eustachio
  6706 | D:5      | Reached XP level 8. HP: 58/58 MP: 13/13
  6752 | D:6      | Noticed a vampire
  6815 | D:5      | Mangled by a vampire

Illustrated notes

Levels and vault maps discovered:
D:1:      scummos_arrival_hexagon, layout_basic, shapermc_ecumenical_altar_gd,
          corexii_leaking_fountain
D:2:      layout_loops_ring, serial_shops, nicolae_shop_crystal, uniq_jessica
D:3:      cheibrodos_greedy_goblins, layout_loops_ring, lemuel_tele_altar,
          hex_tiny, uniq_robin
D:4:      layout_gridville, minmay_temple_entry_mist, uniq_edmund
D:5:      layout_loops_cross, uniq_eustachio
D:6:      layout_basic, mainiacjoe_overflow_alcove_2, uniq_blork_the_orc,
          uniq_grinder
Temple:   compressed_dpeg_triangle_lava_temple

Skill      XL: |  1  2  3  4  5  6  7 |
---------------+----------------------+-----
Dodging        | 3 4 |  4.9
Fighting       | 1 2 3 |  3.1
Ice Magic      | 5 6 |  6.7
Stealth        | 3 4 |  4.4
Conjurations   | 1 2 |  2.8
Spellcasting   | 3 |  3.4

Action                   |  1- 3 |  4- 6 |  7- 9 || total
-------------------------+-------+-------+-------++-------
Melee: Quarterstaff      |     5 |    16 |       ||    21
       Unarmed           |       |     2 |       ||     2
       Flail             |       |    73 |    20 ||    93
       Rapier            |       |       |    22 ||    22
 Cast: Freeze            |    48 |    62 |    22 ||   132
       Frozen Ramparts   |       |     5 |     1 ||     6
       Magic Dart        |       |     2 |     3 ||     5
       Hailstorm         |       |     2 |     3 ||     5
Evoke: Wand              |       |       |     5 ||     5
  Use: Scroll            |       |     8 |       ||     8
       Potion            |       |     2 |       ||     2
 Stab: Sleeping          |     1 |     5 |     1 ||     7
Armor: Robe              |     1 |    32 |    43 ||    76
Dodge: Dodged            |    22 |   118 |    89 ||   229
